 Dungeon Crawl Stone Soup version 0.31.0-11-ge490571c62 (webtiles) character file.

Game seed: 8003305311989769576

30 qw the Shooter (level 3, 0/18 HPs)
             Began as a Spriggan Hunter on Feb 3, 2024.
             Succumbed to their own poison gas
             ... on level 1 of the Dungeon.
             The game lasted 00:00:02 (651 turns).

qw the Shooter (Spriggan Hunter)                     Turns: 651, Time: 00:00:02

Health: 0/18       AC:  2    Str:  7    XL:     3   Next: 5%
Magic:  4/4        EV: 19    Int: 10    God:
Gold:   37         SH:  0    Dex: 20    Spells: 2/2 levels left

rFire   . . .        a - +0 shortbow (flame)
rCold   . . .        (shield currently unavailable)
rNeg    . . .        c - +0 robe
rPois   .            (helmet restricted)
rElec   .            (no cloak)
rCorr   .            (gloves unavailable)
SInv    +            (boots unavailable)
Will    .....        (no amulet)
Stlth   ++           (no ring)
HPRegen 0.23/turn    (no ring)
MPRegen 0.09/turn

%: no passive effects
@: brilliant, lethally poisoned (0 -> -3), very quick
A: very small, no large weapons, unfitting armour, see invisible, speed 3
a: no special abilities


You were on level 1 of the Dungeon.
You visited 1 branch of the dungeon, and saw 1 of its levels.

You collected 37 gold pieces.


Innate Abilities, Weirdness & Mutations

You are very small and have problems with some larger weapons.
You are too small for most types of armour.
You have supernaturally acute eyesight. (SInv)
You cover ground extremely quickly. (Speed+++)


   Skills:
 - Level 1.5 Fighting
 + Level 4.4 Ranged Weapons
 - Level 4.0 Dodging
 - Level 1.5 Stealth


You had 2 spell levels left.
You didn't know any spells.
Your spell library was empty.

Inventory:

Hand Weapons
 a - a +0 shortbow of flaming (weapon)
Armour
 c - a +0 robe (worn)
Potions
 h - a potion of mutation {unknown}

Dungeon Overview and Level Annotations

Branches:
Dungeon (1/15)

Altars:


Message History

As you read the scroll labelled WIAMYSAROER, it crumbles to dust.
It is a scroll of identify.
639 ||| IDENTIFYING cyan potion;
g - a potion of ambrosia Done exploring.
640 ||| DRINKING 4 fuming emerald potions.
It was a potion of brilliance.
You feel clever all of a sudden.
Done exploring.
641 ||| DROPPING scroll of butterflies.
You drop a scroll of butterflies.
Done exploring.
642 ||| DROPPING 3 potions of brilliance.
You drop 3 potions of brilliance.
Done exploring.
643 ||| DROPPING potion of ambrosia.
You drop a potion of ambrosia.
Done exploring.
What level of the Dungeon? (default 1, ? - help) Sorry, I don't know how to get there.
Enter note:
Enter note:
Enter note:
Enter note:
Enter note:
Enter note: You are engulfed in poison gas.
You are poisoned.
You feel very sick.
645 ||| Stepping ~*~*~tactically~*~*~ (cloud).
You feel sick.
Items here: !! = ?.
There is a lethal amount of poison in your body!
You feel sick.
There is a lethal amount of poison in your body!
You feel very sick.
There is a lethal amount of poison in your body!
You feel sick.
There is a lethal amount of poison in your body!
You feel sick.
There is a lethal amount of poison in your body!
You feel sick.
There is a lethal amount of poison in your body!
You die...

.######...##
#.#.#### #.#
.#......#..#
#>#.## #.#
.#.####....##
#######....# #.#
.#.# #.#...#
#¤....%.%..#####.#
...# #.....#
#.#####..........#
#### ####..# #.#
############ #####
#..# #0# ....#
#.0####¤#
###.######.0000.@#
#......0..######
###########


There were no monsters in sight!

Vanquished Creatures
  2 dart slugs (D:1)
  An endoplasm (D:1)
  A hobgoblin (D:1)
  7 jackals (D:1)
  6 kobolds (D:1)
  3 ball pythons (D:1)
  2 bats (D:1)
  A frilled lizard (D:1)
  2 rats (D:1)
25 creatures vanquished.

Notes
Turn   | Place    | Note
-------+----------+-------------------------------------------
     0 | D:1      | qw the Spriggan Hunter began the quest for the Orb.
     0 | D:1      | Reached XP level 1. HP: 10/10 MP: 2/2
     0 | D:1      | 0 ||| qw: Version: 0.3-a-155-g5e7d8dd
     0 | D:1      | 0 ||| qw: Game counter: 3176
     0 | D:1      | 0 ||| qw: Melee chars always use a shield: true
     0 | D:1      | 0 ||| qw: God list: Okawaru
     0 | D:1      | 0 ||| qw: Allow faded altars: false
     0 | D:1      | 0 ||| qw: Do Orc after clearing Dungeon:15 true
     0 | D:1      | 0 ||| qw: Do second Lair branch before Depths: true
     0 | D:1      | 0 ||| qw: Lair rune preference: random
     0 | D:1      | 0 ||| qw: Goals: Normal
     0 | D:1      | 0 ||| PLANNING D:1-11
    30 | D:1      | Reached skill level 3 in Dodging
   189 | D:1      | Reached XP level 2. HP: 14/14 MP: 3/3
   569 | D:1      | Reached XP level 3. HP: 18/18 MP: 4/4
   635 | D:1      | 635 ||| DROPPING +6 ring of intelligence.
   636 | D:1      | 636 ||| READING scroll labelled KUKKOJA LAUDAT.
   636 | D:1      | 636 ||| BRANDING +0 shortbow.
   637 | D:1      | 637 ||| READING scroll labelled JUERGH QOCYFIKE.
   638 | D:1      | 638 ||| READING scroll labelled KIARHU WUWEA.
   639 | D:1      | 639 ||| READING scroll labelled WIAMYSAROER.
   639 | D:1      | 639 ||| IDENTIFYING cyan potion
   640 | D:1      | 640 ||| DRINKING 4 fuming emerald potions.
   641 | D:1      | 641 ||| DROPPING scroll of butterflies.
   642 | D:1      | 642 ||| DROPPING 3 potions of brilliance.
   643 | D:1      | 643 ||| DROPPING potion of ambrosia.
   645 | D:1      | 645 ||| Stepping ~*~*~tactically~*~*~ (cloud).
   647 | D:1      | HP: 4/18 [poisoned by you (poison gas)]
   649 | D:1      | HP: 1/18 [poisoned by you (poison gas)]
   651 | D:1      | Succumbed to their own poison gas

Levels and vault maps discovered:
D:1:      roadster_arrival_rocket_small, layout_loops_ring

Skill      XL: |  1  2 |
---------------+-------+-----
Dodging        | 3 4 |  4.0
Fighting       | |  1.5
Ranged Weapons | |  4.4
Stealth        | |  1.5

Action                     || total
---------------------------++-------
   Fire: Shortbow          ||    80
    Use: Scroll            ||     4
         Potion            ||     1
 Armour: Robe              ||    11
  Dodge: Dodged            ||    38

Table legend:
 A = Non-vault XP
 B = Vault XP
 C = Vault XP percentage of total XP
 D = Non-vault monster count
 E = Vault monster count
 F = Vault count percentage of total count
                 A         B        C        D         E       F
            +---------+---------+-------+---------+---------+-------
      Total |      44 |       0 |   0.0 |      25 |       0 |   0.0
            +---------+---------+-------+---------+---------+-------
        D:1 |      44 |       0 |   0.0 |      25 |       0 |   0.0
            +---------+---------+-------+---------+---------+-------
